 Dungeon Crawl Stone Soup version 0.29.1-2-gbd0b4ee654 (webtiles) character file.

Game seed: 4758982412811107641

314 tkbsonic5 the Vexing (level 6, 0/47 HPs)
             Began as a Gnoll Arcane Marksman on Nov 28, 2022.
             Was a Believer of Fedhas.
             Slain by Pikel
             ... wielding a +1 whip of freezing
              (3 damage)
             ... on level 4 of the Dungeon.
             The game lasted 00:17:29 (2792 turns).

tkbsonic5 the Vexing (Gnoll Arcane Marksman)        Turns: 2792, Time: 00:17:31

Health: 0/47       AC:  9    Str:  8    XL:     6   Next: 43%
Magic:  11/11      EV:  8    Int: 17    God:    Fedhas [**....]
Gold:   183        SH:  0    Dex: 13    Spells: 5/12 levels left

rFire   + . .      SeeInvis .   y - +1 whip (elec)
rCold   . . .      Faith    .   (no shield)
rNeg    . . .      Spirit   .   m - +0 fire dragon scales
rPois   .          Reflect  .   (no helmet)
rElec   .          Harm     .   (no cloak)
rCorr   +          Rampage  .   e - +0 pair of gloves
Will    .....                   (no boots)
Stlth   ..........              j - amulet of magic regeneration
HPRegen 0.15/turn               l - ring of ice
MPRegen 0.52/turn               v - ring of resist corrosion

@: hasted, very quick
A: fangs 1, strong nose, distributed training, clever 1
a: Renounce Religion, Wall of Briars


You were on level 4 of the Dungeon.
You worshipped Fedhas.
Fedhas was pleased with you.
You visited 1 branch of the dungeon, and saw 4 of its levels.

You collected 183 gold pieces.

Inventory:

Hand Weapons
 a - a +1 sling
 b - a +0 falchion of holy wrath
 w - the +4 short sword "Jeemour" {antimagic, Will+ rCorr Str+4}
   (You found it on level 2 of the Dungeon)

   It reduces the magical energy of the wielder, and disrupts the spells and
   magical abilities of those it strikes.
   Natural abilities and divine invocations are not affected.
   Str:       It affects your strength (+4).
   rCorr:     It protects you from acid and corrosion.
   Will:      It increases your willpower.
 y - a +1 whip of electrocution (weapon)
Missiles
 h - 2 boomerangs (quivered)
 u - 2 poisoned darts
Armour
 c - a +0 robe
 e - a +0 pair of gloves (worn)
 i - a +0 ring mail
 m - +0 fire dragon scales (worn)
Jewellery
 j - an amulet of magic regeneration (around neck)
 l - a ring of ice (left hand)
 v - a ring of resist corrosion (right hand)
Scrolls
 k - 2 scrolls of enchant weapon {unknown}
 n - a scroll of fog
 p - 2 scrolls of teleportation {unknown}
 q - a scroll of blinking {unknown}
 r - 3 scrolls of magic mapping
Potions
 g - a potion of ambrosia
 s - 3 potions of attraction
 x - a potion of flight


   Skills:
 + Level 3.3 Fighting
 + Level 2.0 Short Blades
 + Level 2.0 Long Blades
 + Level 2.0 Axes
 + Level 2.0 Maces & Flails
 + Level 2.0 Polearms
 + Level 2.0 Staves
 + Level 5.0 Ranged Weapons
 + Level 2.0 Throwing
 + Level 2.0 Armour
 + Level 5.0 Dodging
 + Level 2.0 Stealth
 + Level 2.0 Shields
 + Level 2.0 Unarmed Combat
 + Level 3.5 Spellcasting
 + Level 1.6 Conjurations
 + Level 5.7 Hexes
 + Level 1.6 Summonings
 + Level 1.6 Necromancy
 + Level 1.6 Translocations
 + Level 1.6 Transmutations
 + Level 1.6 Fire Magic
 + Level 1.6 Ice Magic
 + Level 1.6 Air Magic
 + Level 1.6 Earth Magic
 + Level 1.6 Poison Magic
 + Level 2.2 Invocations
 + Level 2.0 Evocations


You had 5 spell levels left.
You knew the following spells:

 Your Spells              Type           Power      Damage    Failure   Level
a - Slow                  Hex            88%        N/A       24%         1
b - Inner Flame           Hex/Fire       15%        N/A       86%         3
c - Portal Projectile     Hex/Tloc       30%        N/A       86%         3

Your spell library contained the following spells:

 Spells                   Type           Power      Damage    Failure   Level
 Static Discharge         Conj/Air       8%         3-4/arc   88%         2
 Cause Fear               Hex            11%        N/A       93%         4
 Conjure Flame            Conj/Fire      8%         6-21      98%         3
 Ignite Poison            Fire/Tmut/Pois 8%         N/A       98%         3
 Dispel Undead            Necr           8%         3d8       100%        4
 Sticky Flame             Conj/Fire      8%         2d3       100%        4


Dungeon Overview and Level Annotations

Branches:
Dungeon (4/15)
 Temple: D:4-7

Altars:
Fedhas

Annotations:
D:3 2 runed translucent doors, lotum's ghost, amateur DsGl
D:4 Pikel


Innate Abilities, Weirdness & Mutations

You have very sharp teeth.
Your uncanny sense of smell can sniff out nearby items.
Your experience applies equally to all skills.
Your mind is acute. (Int +4, Str/Dex -1)


Message History

The lemure closely misses you.
You feel better. The lemure barely misses you. x2
You are confused.
You feel invigorated.
You closely miss the lemure.
The lemure is lightly wounded.
The lemure hits you. x2
You miss the lemure. The lemure barely misses you. The lemure hits you!
* * * LOW HITPOINT WARNING * * *
The lemure barely misses you.
A lemure comes into view.
You hit the lemure. Lightning courses through the lemure!!
The lemure is severely wounded.
You hit the lemure but do no damage. Lightning courses through the lemure!
The lemure is almost dead.
You feel less invigorated.
You feel less confused.
You barely miss Pikel. You hit Pikel.
Pikel is lightly wounded.
You miss Pikel.
Pikel is lightly wounded.
Pikel hits you with a +1 whip of freezing!
Pikel freezes you.
* * * LOW HITPOINT WARNING * * *
You closely miss Pikel.
Pikel is lightly wounded.
Pikel hits you with a +1 whip of freezing.
* * * LOW HITPOINT WARNING * * *
Pikel freezes you.
* * * LOW HITPOINT WARNING * * *
You closely miss Pikel.
Pikel is lightly wounded.
You hit Pikel but do no damage. Lightning courses through Pikel!
Pikel is moderately wounded.
Pikel hits you with a +1 whip of freezing!
* * * LOW HITPOINT WARNING * * *
Pikel freezes you.
You die...
Fedhas appreciates your contribution to the ecosystem.

#)# ##.5###...## ###.#
....##.....##
##.##.#..5##....#.......#
#.....#..5#.....#.......#
#.....#..K#....##.......#
.....#.^.#....###.....##
#...##...#5.# ##.†.##
#...#....#K########)####
#...#....#.@...........#
#...#....#.............#
#...'....#.............#
########....####+########.#
............# ###..#
............# #....#
....>.......#∆ ∆##....#
............# ∆ #.....#
........)...#∆ ∆#....##


You could see Pikel and a lemure.

Vanquished Creatures
  A scorpion (D:4)
  A hound (D:4)
  An adder (D:2)
  An ufetubus (D:4)
  A worm (D:2)
  A dart slug (D:4)
  2 bats
  6 endoplasms
  3 giant cockroaches
  4 goblins
  9 hobgoblins
  3 jackals (D:1)
  3 quokkas
  5 ball pythons
  A frilled lizard (D:1)
  11 kobolds
  2 rats (D:1)
55 creatures vanquished.

Vanquished Creatures (collateral kills)
  Eustachio (D:4)
  An orc (D:4)
  A giant cockroach (D:4)
3 creatures vanquished.

Vanquished Creatures (others)
  2 plants (D:1)
2 creatures vanquished.

Grand Total: 60 creatures vanquished

Notes
Turn   | Place    | Note
-------+----------+-------------------------------------------
     0 | D:1      | tkbsonic5 the Gnoll Arcane Marksman began the quest for the
                  | Orb.
     0 | D:1      | Reached XP level 1. HP: 17/17 MP: 4/4
    89 | D:1      | Reached XP level 2. HP: 19/23 MP: 5/5
   160 | D:1      | Found a faded altar of an unknown god.
   170 | D:1      | Prayed at the altar of an unknown god.
   170 | D:1      | Became a worshipper of Fedhas Madash
   170 | D:1      | Reached * piety under Fedhas
   296 | D:1      | Reached XP level 3. HP: 26/28 MP: 7/7
   622 | D:2      | Learned a level 3 spell: Inner Flame
   626 | D:2      | Learned a level 3 spell: Portal Projectile
   722 | D:2      | Reached skill level 1 in Invocations
   972 | D:2      | Reached skill level 1 in Short Blades
   972 | D:2      | Reached skill level 1 in Long Blades
   972 | D:2      | Reached skill level 1 in Axes
   972 | D:2      | Reached skill level 1 in Maces & Flails
   972 | D:2      | Reached skill level 1 in Polearms
   972 | D:2      | Reached skill level 1 in Staves
   972 | D:2      | Reached skill level 1 in Throwing
   972 | D:2      | Reached skill level 1 in Armour
   972 | D:2      | Reached skill level 1 in Stealth
   972 | D:2      | Reached skill level 1 in Shields
   972 | D:2      | Reached skill level 1 in Unarmed Combat
   972 | D:2      | Reached skill level 1 in Evocations
  1047 | D:2      | Identified the +4 short sword "Jeemour" {antimagic, Will+
                  | rCorr Str+4}
  1454 | D:3      | Reached XP level 4. HP: 34/34 MP: 4/8
  1506 | D:3      | Found a large runed translucent door.
  1506 | D:3      | Found a large runed translucent door.
  1509 | D:3      | Noticed lotum's ghost (amateur DsGl)
  2396 | D:4      | Noticed Eustachio
  2495 | D:4      | Noticed a lemure
  2495 | D:4      | Noticed a lemure
  2496 | D:4      | Noticed Pikel
  2565 | D:4      | Noticed a scorpion
  2590 | D:4      | Killed a scorpion
  2591 | D:4      | Reached skill level 1 in Conjurations
  2591 | D:4      | Reached skill level 1 in Summonings
  2591 | D:4      | Reached skill level 1 in Necromancy
  2591 | D:4      | Reached skill level 1 in Translocations
  2591 | D:4      | Reached skill level 1 in Transmutations
  2591 | D:4      | Reached skill level 1 in Fire Magic
  2591 | D:4      | Reached skill level 1 in Ice Magic
  2591 | D:4      | Reached skill level 1 in Air Magic
  2591 | D:4      | Reached skill level 1 in Earth Magic
  2591 | D:4      | Reached skill level 1 in Poison Magic
  2591 | D:4      | Reached XP level 5. HP: 37/40 MP: 9/9
  2612 | D:4      | Killed Eustachio
  2613 | D:4      | Reached skill level 5 in Ranged Weapons
  2613 | D:4      | Reached skill level 5 in Dodging
  2613 | D:4      | Reached XP level 6. HP: 38/47 MP: 9/11
  2615 | D:4      | Reached ** piety under Fedhas
  2718 | D:4      | Gained mutation: Your mind is acute. (Int +4, Str/Dex -1)
                  | [potion of mutation]
  2792 | D:4      | Slain by Pikel

Illustrated notes

Levels and vault maps discovered:
D:1:      wander_arrival_fairy_ring, layout_rooms,
          hellmonk_ecumenical_altar_lost_god, kennysheep_doodads,
          grunt_decor_cap
D:2:      layout_rooms, minmay_tetromino_t2
D:3:      layout_basic, ebering_ghost_disaster_area
D:4:      minmay_opposing_rooms, layout_gridville,
          minmay_temple_entry_purple_smoke, uniq_eustachio, uniq_pikel,
          uniq_blork_the_orc

Skill      XL: |  1  2  3  4  5  6 |
---------------+-------------------+-----
Invocations    | 1 2 |  2.2
Short Blades   | 1 2 |  2.0
Long Blades    | 1 2 |  2.0
Axes           | 1 2 |  2.0
Maces & Flails | 1 2 |  2.0
Polearms       | 1 2 |  2.0
Staves         | 1 2 |  2.0
Throwing       | 1 2 |  2.0
Armour         | 1 2 |  2.0
Stealth        | 1 2 |  2.0
Shields        | 1 2 |  2.0
Unarmed Combat | 1 2 |  2.0
Evocations     | 1 2 |  2.0
Spellcasting   | 3 |  3.5
Conjurations   | 1 |  1.6
Summonings     | 1 |  1.6
Necromancy     | 1 |  1.6
Translocations | 1 |  1.6
Transmutations | 1 |  1.6
Fire Magic     | 1 |  1.6
Ice Magic      | 1 |  1.6
Air Magic      | 1 |  1.6
Earth Magic    | 1 |  1.6
Poison Magic   | 1 |  1.6
Fighting       | 3 |  3.3
Ranged Weapons | 5 |  5.0
Dodging        | 5 |  5.0
Hexes          | |  5.7

Action                   |  1- 3 |  4- 6 || total
-------------------------+-------+-------++-------
Melee: Short sword       |    31 |       ||    31
       Whip              |     2 |    77 ||    79
       Bite              |     2 |    11 ||    13
       Sling             |     1 |       ||     1
       Punch             |       |     2 ||     2
 Fire: Sling             |    83 |       ||    83
Throw: Boomerang         |    14 |    10 ||    24
       Dart              |     7 |       ||     7
 Cast: Slow              |     8 |       ||     8
       Portal Projectile |     3 |       ||     3
  Use: Potion            |     3 |     5 ||     8
       Scroll            |       |    12 ||    12
Armor: Robe              |    16 |       ||    16
       Ring mail         |     1 |       ||     1
       Fire dragon scale |    34 |    54 ||    88
Dodge: Dodged            |    64 |    31 ||    95
